 Dungeon Crawl Stone Soup version 0.28-a0-909-g796cbd3a86 (webtiles) character file.

Game seed: 4173952221376165067

49 bearlyready the Grave Robber (level 3, -4/25 HPs)
             Began as a Gnoll Necromancer on Nov 25, 2021.
             Slain by a phantom (5 damage)
             ... on level 2 of the Dungeon.
             The game lasted 00:01:38 (1637 turns).

bearlyready the Grave Robber (Gnoll Necromancer)    Turns: 1637, Time: 00:01:38

Health: -4/25      AC:  4    Str:  7    XL:     3   Next: 77%
Magic:  9/9        EV: 13    Int: 15    God:
Gold:   70         SH:  0    Dex: 12    Spells: 11/12 levels left

rFire   . . .      SeeInvis .   j - +1 short sword (elec)
rCold   + . .      Faith    .   (no shield)
rNeg    . . .      Spirit   .   i - +2 robe {rC+}
rPois   .          Reflect  .   (no helmet)
rElec   .          Harm     .   (no cloak)
rCorr   .          Rampage  .   (no gloves)
Will    .....                   (no boots)
Stlth   ++........              (no amulet)
HPRegen 0.08/turn               (no ring)
MPRegen 0.11/turn               (no ring)

@: invisible
A: fangs 1, strong nose, distributed training
a: no special abilities


You were on level 2 of the Dungeon.
You visited 1 branch of the dungeon, and saw 2 of its levels.

You collected 70 gold pieces.

Inventory:

Hand Weapons
 d - a +0 dagger
 j - a +1 short sword of electrocution (weapon)
Missiles
 c - 108 stones
 g - 15 arrows
Armour
 a - a +0 robe
 i - a +2 robe of cold resistance (worn)
Jewellery
 h - an amulet of reflection
Scrolls
 b - a scroll of amnesia {unknown}
 e - a scroll of identify {unknown}
Potions
 k - a potion of heal wounds {unknown}
 l - a potion of mutation {unknown}


   Skills:
 + Level 0.9 Fighting
 + Level 0.9 Short Blades
 + Level 0.9 Long Blades
 + Level 0.9 Axes
 + Level 0.9 Maces & Flails
 + Level 0.9 Polearms
 + Level 0.9 Staves
 + Level 0.9 Slings
 + Level 0.9 Bows
 + Level 0.9 Crossbows
 + Level 0.9 Throwing
 + Level 0.9 Armour
 + Level 4.5 Dodging
 + Level 4.2 Stealth
 + Level 0.9 Shields
 + Level 0.9 Unarmed Combat
 + Level 5.0 Spellcasting
 + Level 0.6 Conjurations
 + Level 0.6 Hexes
 + Level 0.6 Summonings
 + Level 7.1 Necromancy
 + Level 0.6 Translocations
 + Level 0.6 Transmutations
 + Level 0.6 Fire Magic
 + Level 0.6 Ice Magic
 + Level 0.6 Air Magic
 + Level 0.6 Earth Magic
 + Level 0.6 Poison Magic
 + Level 1.0 Invocations
 + Level 0.9 Evocations


You had 11 spell levels left.
You knew the following spells:

 Your Spells              Type           Power      Damage    Failure   Level
a - Pain                  Necr           100%       1d9       1%          1

Your spell library contained the following spells:

 Spells                   Type           Power      Damage    Failure   Level
 Animate Skeleton         Necr           50%        N/A       1%          1
 Vampiric Draining        Necr           25%        2d7       2%          3
 Animate Dead             Necr           12%        N/A       9%          4
 Agony                    Necr           25%        N/A       24%         5


Dungeon Overview and Level Annotations

Branches:
Dungeon (2/15)

Altars:


Innate Abilities, Weirdness & Mutations

You have very sharp teeth.
Your uncanny sense of smell can sniff out nearby items.
Your experience applies equally to all skills.


Message History

You barely miss the worm. The worm bites you but does no damage.
You hit the worm.
The worm is lightly wounded.
You hit the worm.
The worm is lightly wounded.
The worm barely misses you.
You hit the worm. You bite the worm, but do no damage.
The worm is moderately wounded.
The worm bites you!
You hit the worm.
The worm is heavily wounded.
You hit the worm. Lightning courses through the worm!
You kill the worm!
You closely miss the phantom. The phantom barely misses you.
You hit the phantom. Lightning courses through the phantom!
The phantom is heavily damaged.
The phantom barely misses you.
A phantom is nearby!
You hit the phantom.
The phantom is severely damaged.
The phantom hits you!
The phantom blinks!
You blink.
You hit the phantom.
The phantom is severely damaged.
The phantom hits you.
Okay, then.
You barely miss the phantom.
The phantom is severely damaged.
The phantom hits you.
* * * LOW HITPOINT WARNING * * *
Okay, then.
You closely miss the phantom. Your bite misses the phantom.
The phantom is severely damaged.
The phantom hits you.
* * * LOW HITPOINT WARNING * * *
The phantom blinks!
You blink.
A giant cockroach comes into view.
It was a potion of invisibility.
You fade into invisibility!
The phantom hits you.
You die...

#####.#...# ....
..........# #..#
###..#...# #..#
#...######
#..######..........
######..#...............
..........######.#######
........### #.# .####@#
#.# .........W...# #.. #
>....###.##.# ### #
...####.# .# # #.#(....#
B # # #.#.....## #. #
#.#........##... #
#.#...........#.. ####
#......<(..# #...


You could see a phantom and a giant cockroach (asleep).

Vanquished Creatures
  2 adders (D:2)
  A worm (D:2)
  A dart slug (D:2)
  6 ball pythons
  2 endoplasms
  A giant cockroach (D:2)
  A hobgoblin (D:2)
  A quokka (D:1)
  2 bats
  3 frilled lizards
  2 goblins (D:1)
  6 kobolds
  A rat (D:1)
29 creatures vanquished.

Notes
Turn   | Place    | Note
-------+----------+-------------------------------------------
     0 | D:1      | bearlyready the Gnoll Necromancer began the quest for the
                  | Orb.
     0 | D:1      | Reached XP level 1. HP: 13/13 MP: 6/6
   246 | D:1      | Reached XP level 2. HP: 8/19 MP: 4/7
   634 | D:1      | You fall into a shaft and drop 1 floor!
  1348 | D:1      | Reached XP level 3. HP: 24/25 MP: 9/9
  1426 | D:2      | Found a faded altar of an unknown god.
  1432 | D:2      | Reached skill level 5 in Spellcasting
  1508 | D:2      | Reached skill level 1 in Invocations
  1624 | D:2      | Noticed a phantom
  1636 | D:2      | HP: 1/25 [phantom (4)]
  1637 | D:2      | Slain by a phantom

Illustrated notes

Levels and vault maps discovered:
D:1:      lightli_arrival_quake, layout_rooms
D:2:      layout_loops_ring, hellmonk_ecumenical_altar_slurped_away,
          minmay_shallow_snake_nest

Skill      XL: |  1  2  3 |
---------------+----------+-----
Spellcasting   | 5 |  5.0
Invocations    | 1 |  1.0
Fighting       | |  0.9
Short Blades   | |  0.9
Long Blades    | |  0.9
Axes           | |  0.9
Maces & Flails | |  0.9
Polearms       | |  0.9
Staves         | |  0.9
Slings         | |  0.9
Bows           | |  0.9
Crossbows      | |  0.9
Throwing       | |  0.9
Armour         | |  0.9
Dodging        | |  4.5
Stealth        | |  4.2
Shields        | |  0.9
Unarmed Combat | |  0.9
Conjurations   | |  0.6
Hexes          | |  0.6
Summonings     | |  0.6
Necromancy     | |  7.1
Translocations | |  0.6
Transmutations | |  0.6
Fire Magic     | |  0.6
Ice Magic      | |  0.6
Air Magic      | |  0.6
Earth Magic    | |  0.6
Poison Magic   | |  0.6
Evocations     | |  0.9

Action                   || total
-------------------------++-------
Melee: Dagger            ||    47
       Bite              ||     5
       Unarmed           ||     1
       Short sword       ||    36
 Cast: Pain              ||    18
  Use: Potion            ||     1
 Stab: Sleeping          ||     8
Armor: Robe              ||    23
Dodge: Dodged            ||    69

Table legend: (Time is in decaauts)
 A = Elapsed time spent in this place.
 B = Non-inter-level travel time spent in this place.
 C = Inter-level travel time spent in this place.
 D = Time resting spent in this place.
 E = Time spent auto-exploring this place.
 F = Levels seen in this place.
 G = Mean time per level.
                   A        B        C        D        E       F      G
               +--------+--------+--------+--------+--------+-----+--------+
         Total |   1638 |   1625 |     13 |     68 |   1294 |   2 |  819.0 |
       Dungeon |   1638 |   1625 |     13 |     68 |   1294 |   2 |  819.0 |
               +--------+--------+--------+--------+--------+-----+--------+

Top non-repeatable levels by time:
     D:1: 1041 daAuts
     D:2: 597 daAuts
